 Dungeon Crawl Stone Soup version 0.32-a0-876-gcfddb08e57 (webtiles) character file.

Game seed: 7006281503042724934

15 rvierbuc the Magician (level 2, 0/19 HPs)
             Began as a Demonspawn Hedge Wizard on Apr 1, 2024.
             Slain by a gnoll
             ... wielding a +0 club
              (3 damage)
             ... on level 1 of the Dungeon.
             The game lasted 00:02:27 (547 turns).

rvierbuc the Magician (Demonspawn Hedge Wizard)      Turns: 547, Time: 00:02:28

Health: 0/19       AC:  3    Str: 10    XL:     2   Next: 34%
Magic:  6/6        EV: 11    Int: 14    God:
Gold:   22         SH:  4    Dex: 12    Spells: 6/7 levels left

rFire   . . .        a - +0 dagger
rCold   . . .        (no shield)
rNeg    . . .        b - +0 robe
rPois   .            c - +0 hat
rElec   .            (no cloak)
rCorr   .            h - +0 pair of gloves
SInv    .            (no boots)
Will    .....        (no amulet)
Stlth   ++           (no ring)
HPRegen 0.23/turn    (no ring)
MPRegen 0.10/turn

%: no passive effects
@: no status effects
A: condensation shield
a: no special abilities


You were on level 1 of the Dungeon.
You visited 1 branch of the dungeon, and saw 1 of its levels.

You collected 22 gold pieces.

Inventory:

Hand Weapons
 a - a +0 dagger (weapon)
Missiles
 e - 3 silver javelins
Armour
 b - a +0 robe (worn)
 c - a +0 hat (worn)
 h - a +0 pair of gloves (worn)
Scrolls
 f - 3 scrolls of enchant weapon {unknown}
 g - a scroll of identify {unknown}
 i - a scroll of blinking {unknown}
 j - a scroll of teleportation {unknown}
Potions
 d - a potion of magic


   Skills:
 + Level 2.0 Dodging
 + Level 2.0 Stealth
 + Level 3.1 Spellcasting
 + Level 1.2 Conjurations
 + Level 1.2 Summonings
 + Level 1.2 Translocations


You had 6 spell levels left.
You knew the following spells:

 Your Spells              Type           Power      Damage    Failure   Level
a - Magic Dart            Conj           20%        1d4       13%         1

Your spell library contained the following spells:

 Spells                   Type           Power      Damage    Failure   Level
 Blink                    Tloc           10%        N/A       19%         2
 Call Imp                 Summ           10%        N/A       19%         2
 Slow                     Hex            8%         N/A       22%         1
 Cigotuvi's Dreadful Rot  Necr/Alch/Air  4%         N/A       32%         2
 Mephitic Cloud           Conj/Alch/Air  3%         N/A       47%         3


Dungeon Overview and Level Annotations

Branches:
Dungeon (1/15)

Altars:


Innate Abilities, Weirdness & Mutations

A meltable shield of frost defends you. (SH +4)


Message History

The gnoll is heavily wounded.
The gnoll barely misses you.
You hit the gnoll.
The gnoll is severely wounded.
The gnoll closely misses you.
You hit the gnoll but do no damage.
The gnoll is heavily wounded.
You block the gnoll's attack.
You hit the gnoll but do no damage.
The gnoll is heavily wounded.
The gnoll hits you with a +0 club.
You hit the gnoll but do no damage.
The gnoll is heavily wounded.
The gnoll barely misses you.
You hit the gnoll.
The gnoll is heavily wounded.
The gnoll misses you.
You hit the gnoll but do no damage.
The gnoll is heavily wounded.
The gnoll barely misses you.
You hit the gnoll but do no damage.
The gnoll is heavily wounded.
The gnoll hits you with a +0 club.
You hit the gnoll but do no damage.
The gnoll is heavily wounded.
The gnoll hits you with a +0 club.
You are too injured to fight recklessly!
You are too injured to fight recklessly!
You are too injured to fight recklessly!
You are too injured to fight recklessly!
You are too injured to fight recklessly!
You are too injured to fight recklessly!
You hit the gnoll but do no damage.
The gnoll is heavily wounded.
The gnoll hits you with a +0 club!
* * * LOW HITPOINT WARNING * * *
You hit the gnoll but do no damage.
The gnoll is heavily wounded.
The gnoll hits you with a +0 club.
You die...

#+## #...##
##.....##
##g......#
#.@>......
+.........
#.........
###.......#
#........##
#...#...##
###...+##
#....#.#
####....#.##


You could see a gnoll.

Vanquished Creatures
  A dart slug (D:1)
  A ball python (D:1)
  2 goblins (D:1)
  4 jackals (D:1)
  A quokka (D:1)
  2 rats (D:1)
11 creatures vanquished.

Notes
Turn   | Place    | Note
-------+----------+-------------------------------------------
     0 | D:1      | rvierbuc the Demonspawn Hedge Wizard began the quest for
                  | the Orb.
     0 | D:1      | Reached XP level 1. HP: 13/13 MP: 4/4
    31 | D:1      | Reached skill level 1 in Translocations
   150 | D:1      | Gained mutation: A meltable shield of frost defends you.
                  | (SH +4) [demonic ancestry]
   150 | D:1      | Reached XP level 2. HP: 16/19 MP: 6/6
   547 | D:1      | Slain by a gnoll

Illustrated notes

Levels and vault maps discovered:
D:1:      scummos_arrival_hexagon, layout_loops_corners,
          corexii_item_surrounded_by_moat, hangedman_decor_push

Skill      XL: |  1  2 |
---------------+-------+-----
Translocations | 1 |  1.2
Stealth        | 2 |  2.0
Dodging        | 2 |  2.0
Spellcasting   | |  3.1
Conjurations   | |  1.2
Summonings     | |  1.2

Action                     || total
---------------------------++-------
  Melee: Dagger            ||    44
  Throw: Javelin           ||     3
   Cast: Magic Dart        ||     6
   Stab: Sleeping          ||     3
 Armour: Robe              ||    22
  Dodge: Dodged            ||    28
  Block: Other             ||     5

Table legend: (Time is in decaauts)
 A = Elapsed time spent in this place.
 B = Non-inter-level travel time spent in this place.
 C = Inter-level travel time spent in this place.
 D = Time resting spent in this place.
 E = Time spent auto-exploring this place.
 F = Levels seen in this place.
 G = Mean time per level.
                   A        B        C        D        E       F      G
               +--------+--------+--------+--------+--------+-----+--------+
         Total |    548 |    542 |      6 |      0 |    412 |   1 |  548.0 |
       Dungeon |    548 |    542 |      6 |      0 |    412 |   1 |  548.0 |
               +--------+--------+--------+--------+--------+-----+--------+

Top non-repeatable levels by time:
     D:1: 548 daAuts
